 Dungeon Crawl Stone Soup version 0.31-a0-446-g07c4bd200f (webtiles) character file.

Game seed: 13091809501328493259

17 twist the Ruffian (level 2, 0/18 HPs)
             Began as an Octopode Shapeshifter on July 30, 2023.
             Slain by a goblin
             ... wielding a +2 dagger of distortion
              (5 damage)
             ... on level 1 of the Dungeon on Aug 3, 2023.
             The game lasted 00:01:09 (255 turns).

twist the Ruffian (Octopode Shapeshifter)            Turns: 255, Time: 00:01:09

Health: 0/18       AC:  1    Str: 14    XL:     2   Next: 62%
Magic:  2/2        EV: 13    Int: 10    God:
Gold:   20         SH:  0    Dex: 12    Spells: 1/1 levels left

rFire   . .          .
                       - Unarmed
rCold   . . .        (no shield)
rNeg    . . .        (helmet currently unavailable)
rPois   .            (no amulet)
rElec   .            (no ring)
rCorr   .            (no ring)
SInv    .            (no ring)
Will    .....        (no ring)
Stlth   ++           (no ring)
HPRegen 0.23/turn    (no ring)
MPRegen 0.08/turn    (no ring)
                     (no ring)

%: no passive effects
@: beast-form
A: beast (slay +2), almost no armour, amphibious, 8 rings, camouflage 1,
gelatinous body 1, (nimble swimmer 1), tentacles
a: Begin Untransformation


You were on level 1 of the Dungeon.
You were a hulking beast.
You visited 1 branch of the dungeon, and saw 1 of its levels.

You collected 20 gold pieces.

Inventory:

Talismans
 b - a beast talisman (active)
Scrolls
 f - a scroll of identify {unknown}
 g - a scroll of fog {unknown}
Potions
 a - a potion of lignification
 c - a potion of berserk rage {unknown}
 d - a potion of heal wounds {unknown}
 e - a potion of degeneration {unknown}


   Skills:
 + Level 1.4 Fighting
 + Level 2.3 Dodging
 + Level 3.2 Unarmed Combat
 + Level 3.1 Shapeshifting


You had one spell level left.
You didn't know any spells.
Your spell library was empty.

Dungeon Overview and Level Annotations

Branches:
Dungeon (1/15)

Altars:


Innate Abilities, Weirdness & Mutations

You are a hulking beast.
Your limbs bulge with bestial killing power. (Slay +2)
You cannot wear most types of armour.
You are amphibious.
You can wear up to eight rings at the same time.
Your skin changes colour to match your surroundings (Stealth+).
Your rubbery body absorbs attacks. (AC +1, EV +1)
((You are camouflaged when in or above water. (Stealth+)))
You have tentacles for arms and can constrict up to eight enemies at once.


Message History

You constrict the quokka, but do no damage.
The quokka bites you.
* * * LOW HITPOINT WARNING * * *
Huge Dmg: -28%(-5hp) hp: 45%(8hp)
You tentacle-slap the quokka.
You kill the quokka!
You see here a quokka corpse.
Unknown command.
You see here a +0 trident.
g - a scroll labelled VILONOMIUSCH
Found a stone staircase leading down.
A rat comes into view.
A rat is nearby!
A rat comes into view.
Found 6 stones.
You see here a fuming ruby potion.
You tentacle-slap the rat. You grab the rat. You tentacle-slap the rat.
You kill the rat!
A goblin comes into view.
It is wielding a +2 dagger of distortion.
Found a scroll labelled PATZAT PO CUT.
Found an escape hatch in the floor.
The rat bites you.
Damage: -5%(-1hp) hp: 95%(17hp)
You barely miss the rat. Your grab misses the rat. The rat barely misses you.
You tentacle-slap the rat. You grab the rat.
The rat is heavily wounded.
You constrict the rat.
You kill the rat!
No target in view!
No target in view!
Unknown command.
You closely miss the goblin. Your grab misses the goblin.
The goblin hits you with a +2 dagger of distortion.
Space warps horribly around you!
Ouch! That really hurt!
* * * LOW HITPOINT WARNING * * *
Huge Dmg: -72%(-13hp) hp: 28%(5hp) Unknown command.
You closely miss the goblin. Your grab misses the goblin.
The goblin hits you with a +2 dagger of distortion.
You die...

..........##..##...##<
..........#....####..#
#........#..##...##..#
#.........######..##.
#########..### #..##.
..........## ##....
...#.#...# ####.
..#.#?#!#.# #.
#......h#.# #
#......†g...>..
..##>.......... .....
#........... .....
#........... .....
#........... .....
##.(........ ....
##...##...# ... ...


You could see a goblin.

Vanquished Creatures
  A dart slug (D:1)
  2 endoplasms (D:1)
  2 hobgoblins (D:1)
  A quokka (D:1)
  2 ball pythons (D:1)
  2 bats (D:1)
  2 frilled lizards (D:1)
  A kobold (D:1)
  3 rats (D:1)
16 creatures vanquished.

Notes
Turn   | Place    | Note
-------+----------+-------------------------------------------
     0 | D:1      | twist the Octopode Shapeshifter began the quest for the
                  | Orb.
     0 | D:1      | Reached XP level 1. HP: 13/13 MP: 1/1
    44 | D:1      | Upgraded the game from 0.31-a0-424-g41b3b0883d to
                  | 0.31-a0-446-g07c4bd200f
    86 | D:1      | Reached XP level 2. HP: 17/18 MP: 2/2
   177 | D:1      | Huge Dmg: 5 dmg
   179 | D:1      | Huge Dmg: 5 dmg
   255 | D:1      | Huge Dmg: 13 dmg
   255 | D:1      | Slain by a goblin

Illustrated notes

Levels and vault maps discovered:
D:1:      lightli_iron_boxes, layout_rooms, chequers_serial_rivers_small_a

Action                     || total
---------------------------++-------
  Melee: Unarmed           ||    29
         Tentacles         ||     4
         Constrict         ||     6
         Punch             ||     1
   Stab: Sleeping          ||     3
 Armour: Skin              ||     1
  Dodge: Dodged            ||     9

Table legend: (Time is in decaauts)
 A = Elapsed time spent in this place.
 B = Non-inter-level travel time spent in this place.
 C = Inter-level travel time spent in this place.
 D = Time resting spent in this place.
 E = Time spent auto-exploring this place.
 F = Levels seen in this place.
 G = Mean time per level.
                   A        B        C        D        E       F      G
               +--------+--------+--------+--------+--------+-----+--------+
         Total |    253 |    253 |      0 |      0 |    168 |   1 |  253.0 |
       Dungeon |    253 |    253 |      0 |      0 |    168 |   1 |  253.0 |
               +--------+--------+--------+--------+--------+-----+--------+

Top non-repeatable levels by time:
     D:1: 253 daAuts
